 Dungeon Sprint DCSS version 0.30-a0-341-g682706514a (webtiles) character file.

Game seed: 10563583427207969554

419 Fang the Fighter (level 6, -1/47 HPs)
             Began as a Gargoyle Berserker on Nov 4, 2022.
             Was an Elder of Trog.
             Slain by a gnoll sergeant
             ... wielding a +2 spear of flaming
              (2 damage)
             ... in the Dungeon (Sprint IX: "|||||||||||||||||||||||||||||").
             The game lasted 00:01:03 (281 turns).

Fang the Fighter (Gargoyle Berserker)                Turns: 281, Time: 00:01:05

Health: -1/47      AC: 14    Str: 26    XL:     6   Next: 93%
Magic:  6/6        EV: 12    Int:  7    God:    Trog [****..]
Gold:   0          SH:  0    Dex: 12    Spells: 5/5 levels left

rFire   . . .      SeeInvis .    k - +1 broad axe (vorpal)
rCold   . . .      Faith    .    (no shield)
rNeg    + . .      Spirit   .    n - +2 ring mail
rPois   ∞          Reflect  .    (no helmet)
rElec   +          Harm     .    m - +0 cloak
rCorr   .          Rampage  .    (no gloves)
Will    .....      NoTele   +    l - +0 pair of boots
Stlth   +.........               (no amulet)
HPRegen 0.27/turn                o - +3 ring of dexterity
MPRegen 0.10/turn                p - +3 ring of strength

@: weakened, on berserk cooldown, slowed, very slow
A: sickness immunity, AC +4, negative energy resistance 1, electricity
resistance, torment resistance 1, petrification resistance
a: Renounce Religion, Berserk, Trog's Hand, Brothers in Arms


You were in the Dungeon.
You worshipped Trog.
Trog was greatly pleased with you.
You visited 1 branch

Inventory:

Hand Weapons
 k - a +1 vorpal broad axe (weapon)
Armour
 l - a +0 pair of boots (worn)
 m - a +0 cloak (worn)
 n - a +2 ring mail (worn)
Jewellery
 o - a +3 ring of dexterity (left hand)
 p - a +3 ring of strength (right hand)
Wands
 j - a wand of light (10)
Scrolls
 h - 2 scrolls of blinking
Potions
 c - 5 potions of curing
 d - 2 potions of heal wounds
 e - a potion of haste
 f - 4 potions of magic
 g - a potion of berserk rage
 i - a potion of invisibility


   Skills:
 + Level 9.5 Fighting
 + Level 9.3 Axes
 + Level 5.0 Armour
 + Level 4.4 Dodging
 + Level 1.9 Stealth


You had 5 spell levels left.
You didn't know any spells.
Your spell library was empty.

Dungeon Overview and Level Annotations

Branches:
Dungeon (1/1)

Altars:
Cheibriados
Dithmenos
Elyvilon
Fedhas
Gozag
Hepliaklqana
Kikubaaqudgha
Makhleb
Nemelex Xobeh
Okawaru
Qazlal
Ru
Sif Muna
Trog
Uskayaw
Vehumet
Wu Jian
Xom
Yredelemnul
Zin
The Shining One
Jiyva
Lugonu


Innate Abilities, Weirdness & Mutations

You are immune to sickness and miasma.
Your stone body is resilient. (AC +4)
You are immune to poison.
You resist negative energy. (rN+)
You are resistant to electric shocks. (rElec)
You are resistant to unholy torment.
You are immune to petrification.


Message History

Your Armour skill increases to level 5!
The gnoll sergeant barely misses you.
There is an open door to the Dungeon, spattered with blood here.
Things that are here:
a +0 club; a +0 robe; a gnoll corpse You hit the gnoll sergeant.
The gnoll sergeant is moderately wounded.
The gnoll sergeant hits you with a +2 spear of flaming!
The gnoll sergeant burns you.
* * * LOW HITPOINT WARNING * * *
The gnoll sergeant hits you but does no damage.
You hit the gnoll sergeant but do no damage.
The gnoll sergeant is moderately wounded.
The gnoll sergeant hits you with a +2 spear of flaming.
* * * LOW HITPOINT WARNING * * *
The gnoll sergeant burns you.
* * * LOW HITPOINT WARNING * * *
The gnoll sergeant hits you but does no damage.
You feel much better.
The gnoll sergeant hits you with a +2 spear of flaming.
The gnoll sergeant burns you.
You hit the gnoll sergeant.
The gnoll sergeant is heavily wounded.
The gnoll sergeant closely misses you.
The gnoll sergeant hits you with a +2 spear of flaming!
The gnoll sergeant burns you.
* * * LOW HITPOINT WARNING * * *
You barely miss the gnoll sergeant.
The gnoll sergeant is heavily wounded.
The gnoll sergeant hits you with a +2 spear of flaming.
* * * LOW HITPOINT WARNING * * *
The gnoll sergeant burns you.
* * * LOW HITPOINT WARNING * * *
You slash the gnoll sergeant!
The gnoll sergeant is almost dead.
The gnoll sergeant closely misses you.
The gnoll sergeant hits you with a +2 spear of flaming.
* * * LOW HITPOINT WARNING * * *
The gnoll sergeant burns you.
You die... ▓▓▓▓▓▓▓▓▓▓▓▓▓▓▓▓▓▓▓▓▓▓▓▓ +.....g@[.....)?.'______ ▓▓▓▓▓▓▓▓▓▓▓▓▓▓▓▓▓▓▓▓▓▓▓▓

You could see a gnoll sergeant.

Vanquished Creatures
  A wraith (D)
  An ogre (D)
  A killer bee (D)
  2 howler monkeys (D)
  A gnoll bouda (D)
  An iguana (D)
  A dart slug (D)
  An orc (D)
  A bat (D)
  2 endoplasms (D)
  2 quokkas (D)
  A rat (D)
15 creatures vanquished.

Notes
Turn   | Place    | Note
-------+----------+-------------------------------------------
     0 | D        | Fang the Gargoyle Berserker began the quest for the Orb.
     0 | D        | Reached XP level 1. HP: 14/14 MP: 1/1
    19 | D        | Reached ** piety under Trog
    28 | D        | Reached XP level 2. HP: 2/20 MP: 2/2
   109 | D        | Noticed an ogre
   114 | D        | Reached skill level 5 in Fighting
   114 | D        | Reached XP level 3. HP: 26/26 MP: 3/3
   117 | D        | Reached *** piety under Trog
   126 | D        | Killed an ogre
   127 | D        | Reached skill level 1 in Stealth
   127 | D        | Reached XP level 4. HP: 21/32 MP: 4/4
   127 | D        | Reached XP level 5. HP: 25/37 MP: 5/5
   170 | D        | Found a snail-covered altar of Cheibriados.
   170 | D        | Found a shadowy altar of Dithmenos.
   170 | D        | Found a white marble altar of Elyvilon.
   170 | D        | Found a blossoming altar of Fedhas.
   170 | D        | Found an opulent altar of Gozag.
   171 | D        | Found a hazy altar of Hepliaklqana.
   172 | D        | Found a viscous altar of Jiyva.
   173 | D        | Found an ancient bone altar of Kikubaaqudgha.
   174 | D        | Found a corrupted altar of Lugonu.
   175 | D        | Found a burning altar of Makhleb.
   176 | D        | Found a sparkling altar of Nemelex Xobeh.
   177 | D        | Found an iron altar of Okawaru.
   178 | D        | Found a stormy altar of Qazlal.
   179 | D        | Found a sacrificial altar of Ru.
   180 | D        | Found a shimmering blue altar of Sif Muna.
   181 | D        | Found a bloodstained altar of Trog.
   182 | D        | Found a hide-covered altar of Uskayaw.
   183 | D        | Found a radiant altar of Vehumet.
   184 | D        | Found an ornate altar of the Wu Jian Council.
   185 | D        | Found a shimmering altar of Xom.
   186 | D        | Found a basalt altar of Yredelemnul.
   187 | D        | Found a glowing silver altar of Zin.
   188 | D        | Found a glowing golden altar of the Shining One.
   255 | D        | Noticed a wraith
   260 | D        | Killed a wraith
   260 | D        | Reached **** piety under Trog
   261 | D        | Reached XP level 6. HP: 45/45 MP: 6/6
   275 | D        | Reached skill level 5 in Armour
   281 | D        | HP: 1/47 [gnoll sergeant/+2 spear of flaming (6)]
   281 | D        | Slain by a gnoll sergeant

Illustrated notes

Levels and vault maps discovered:
D:        linesprint [early_d, line_temple, items_1, d_10, items_2, lair_1,
          lair_end, items_3, orc_1, orc_end, items_4, d_15, swamp_1, shoals_1,
          snake_1, spider_1, d_20, vaults_1, items_5, swamp_end, shoals_end,
          snake_end, spider_end, vaults_end, d_27, items_6, zot_1, zot_end,
          crypt_end, forest_end, elf_end, slime_end, tomb_end, abyss_end,
          pan_hell_end]

Skill      XL: |  1  2  3  4  5  6 |
---------------+-------------------+-----
Axes           | 3 4 6 8 9 |  9.3
Fighting       | 4 5 6 8 9 |  9.5
Dodging        | 2 3 4 |  4.4
Armour         | 3 4 5 |  5.0
Stealth        | 1 |  1.9

Action                   |  1- 3 |  4- 6 || total
-------------------------+-------+-------++-------
Melee: Hand axe          |    37 |       ||    37
       Broad axe         |       |    23 ||    23
Invok: Berserk           |     1 |     1 ||     2
  Use: Potion            |       |     1 ||     1
 Stab: Sleeping          |     1 |       ||     1
Armor: Animal skin       |     7 |       ||     7
       Ring mail         |       |    10 ||    10
Dodge: Dodged            |    18 |    14 ||    32

Table legend: (Time is in decaauts)
 A = Elapsed time spent in this place.
 B = Non-inter-level travel time spent in this place.
 C = Inter-level travel time spent in this place.
 D = Time resting spent in this place.
 E = Time spent auto-exploring this place.
 F = Levels seen in this place.
 G = Mean time per level.
                   A        B        C        D        E       F      G
               +--------+--------+--------+--------+--------+-----+--------+
         Total |    303 |    303 |      0 |    126 |      0 |   1 |  303.0 |
       Dungeon |    303 |    303 |      0 |    126 |      0 |   1 |  303.0 |
               +--------+--------+--------+--------+--------+-----+--------+

Top non-repeatable levels by time:
       D: 303 daAuts
